 Dungeon Crawl Stone Soup version 0.29-a0-194-g6e3aafee17 (webtiles) character file.

Game seed: 5021237012642416504

129 fragbeetle the Bolt Thrower (level 4, 0/37 HPs)
             Began as a Minotaur Hunter on Feb 23, 2022.
             Slain by a quokka (5 damage)
             ... on level 4 of the Dungeon.
             The game lasted 00:03:05 (2416 turns).

fragbeetle the Bolt Thrower (Minotaur Hunter)       Turns: 2416, Time: 00:03:06

Health: 0/37       AC: -1    Str: 19    XL:     4   Next: 88%
Magic:  3/3        EV: 11    Int:  8    God:
Gold:   84         SH:  0    Dex: 10    Spells: 3/3 levels left

rFire   . . .      SeeInvis .   a - +1 hand crossbow
rCold   . . .      Faith    .   (no shield)
rNeg    . . .      Spirit   .   o - +0 ring mail
rPois   .          Reflect  .   (helmet restricted)
rElec   .          Harm     .   (no cloak)
rCorr   .          Rampage  .   j - +0 pair of gloves
Will    .....                   v - +0 pair of boots
Stlth   +.........              (no amulet)
HPRegen 0.12/turn               (no ring)
MPRegen 0.08/turn               (no ring)

@: corroded
A: horns 2, retaliatory headbutt
a: no special abilities


You were on level 4 of the Dungeon.
You visited 1 branch of the dungeon, and saw 4 of its levels.

You collected 84 gold pieces.

Inventory:

Hand Weapons
 a - a +1 hand crossbow (weapon)
 p - a +0 battleaxe
 s - a +2 dagger of flaming
Armour
 j - a +0 pair of gloves (worn)
 o - a +0 ring mail (worn)
 q - a +0 kite shield
 r - a +0 plate armour
 v - a +0 pair of boots (worn)
Scrolls
 c - 2 scrolls of immolation {unknown}
 d - a scroll of enchant armour {unknown}
 g - 2 scrolls of blinking {unknown}
 h - 9 scrolls of identify {unknown}
 k - a scroll of fear {unknown}
 l - 2 scrolls of fog {unknown}
 m - a scroll of amnesia {unknown}
 n - 2 scrolls of teleportation {unknown}
 t - a scroll of noise {unknown}
 w - 2 scrolls of vulnerability {unknown}
Potions
 b - a potion of cancellation {unknown}
 e - a potion of heal wounds {unknown}
 f - a potion of mutation {unknown}
 i - 3 potions of curing {unknown}
 u - 3 potions of attraction {unknown}


   Skills:
 - Level 2.4 Fighting
 + Level 6.9 Crossbows
 - Level 2.1 Dodging
 - Level 0.7 Stealth


You had 3 spell levels left.
You didn't know any spells.
Your spell library contained the following spells:

 Spells                   Type           Power      Damage    Failure   Level
 Magic Dart               Conj           0%         1d3       58%         1
 Shock                    Conj/Air       0%         1d3       58%         1
 Call Imp                 Summ           0%         N/A       75%         2
 Dazzling Flash           Conj/Hex       0%         N/A       92%         3
 Mephitic Cloud           Conj/Pois/Air  0%         N/A       92%         3
 Swiftness                Air            0%         N/A       92%         3
 Airstrike                Air            0%         N/A       100%        4
 Agony                    Necr           0%         N/A       100%        5
 Silence                  Hex/Air        0%         N/A       100%        5


Dungeon Overview and Level Annotations

Branches:
Dungeon (4/15)
 Temple: D:4-7

Altars:

Shops:
D:3 [


Innate Abilities, Weirdness & Mutations

You have a pair of horns on your head.
You reflexively headbutt those who attack you in melee.


Message History

The quokka is almost dead.
The quokka bites you but does no damage.
The jelly hits you. The acid corrodes you!
You are splashed with acid!
The quokka bites you.
You shoot a bolt. The bolt barely misses the quokka.
The jelly hits you but does no damage.
The quokka bites you but does no damage.
You shoot a bolt.
The bolt hits the quokka but does no damage.
The quokka is almost dead.
The quokka bites you. The jelly barely misses you.
The quokka bites you but does no damage.
The jelly closely misses you.
Unknown command.
The quokka bites you.
The quokka bites you but does no damage.
Unknown command.
Shoot: a) +1 hand crossbow
Press: ? - help, Shift-Dir - straight line, f - jelly, p - quokka
Aim: a jelly (moderately wounded)
You shoot a bolt. The bolt hits the jelly.
The jelly is heavily wounded.
The quokka closely misses you. The jelly hits you. The acid corrodes you!
You are splashed with acid!
* * * LOW HITPOINT WARNING * * *
The quokka closely misses you.
Shoot: a) +1 hand crossbow
Press: ? - help, Shift-Dir - straight line, f/p - jelly
Aim: a jelly (heavily wounded)
You shoot a bolt. The bolt hits the jelly!
The jelly is severely wounded.
The jelly closely misses you. The quokka bites you.
* * * LOW HITPOINT WARNING * * *
Shoot: a) +1 hand crossbow
Press: ? - help, Shift-Dir - straight line, f/p - jelly
Aim: a jelly (severely wounded)
You shoot a bolt. The bolt hits the jelly.
The jelly is almost dead.
The quokka bites you.
You die...

.##..## '######...##.
......#......
......#..... .######....
.##..##...# #
..'...#...###########..#
..#...+..<.....J.......#
.##..##..†..[..r@.......
###..##...##...######...
+.†.....##+###
#...........
#..##..J##... #..##...#
.. #..##.(... .
#..##...... ............


You could see a jelly and a quokka.

Vanquished Creatures
  A hound (D:4)
  3 adders
  A white imp (D:3)
  A dart slug (D:1)
  3 orcs (D:3)
  4 endoplasms
  4 giant cockroaches
  6 goblins
  7 hobgoblins
  6 jackals
  4 kobolds
  2 quokkas
  7 ball pythons
  3 bats
  2 frilled lizards (D:1)
  3 rats
57 creatures vanquished.

Vanquished Creatures (others)
  A plant (D:1)
1 creature vanquished.

Grand Total: 58 creatures vanquished

Notes
Turn   | Place    | Note
-------+----------+-------------------------------------------
     0 | D:1      | fragbeetle the Minotaur Hunter began the quest for the Orb.
     0 | D:1      | Reached XP level 1. HP: 18/18 MP: 0/0
   458 | D:1      | Reached XP level 2. HP: 25/25 MP: 1/1
   462 | D:1      | Reached skill level 5 in Crossbows
   601 | D:1      | Found a faded altar of an unknown god.
   837 | D:1      | Reached XP level 3. HP: 30/30 MP: 2/2
  1570 | D:3      | Reached skill level 6 in Crossbows
  1596 | D:3      | Found Qityshroco's Assorted Antiques.
  1600 | D:3      | Reached XP level 4. HP: 37/37 MP: 3/3
  1749 | D:3      | Found Odgha's Antique Armour Boutique.
  2416 | D:4      | Slain by a quokka

Illustrated notes

Levels and vault maps discovered:
D:1:      dpeg_arrival_morbid_curiosity, layout_loops_ring,
          shapermc_ecumenical_altar_mp_urbaneastern, st_stairs_12,
          minmay_split_cup_small
D:2:      kennysheep_big_flooded_room, layout_basic
D:3:      layout_loops_ring, serial_shops, nicolae_shop_advertising_works
          [nicolae_subvault_shop_adworks], nicolae_square_shop
D:4:      layout_gridville, minmay_temple_entry_stoned_glass

Skill      XL: |  1  2  3 |
---------------+----------+-----
Crossbows      | 5 6 |  6.9
Fighting       | |  2.4
Dodging        | |  2.1
Stealth        | |  0.7

Action                   |  1- 3 |  4- 6 || total
-------------------------+-------+-------++-------
 Fire: Hand crossbow     |   110 |    51 ||   161
Armor: Leather armour    |     7 |       ||     7
       Ring mail         |     4 |     9 ||    13
Dodge: Dodged            |    24 |    20 ||    44

Table legend: (Time is in decaauts)
 A = Elapsed time spent in this place.
 B = Non-inter-level travel time spent in this place.
 C = Inter-level travel time spent in this place.
 D = Time resting spent in this place.
 E = Time spent auto-exploring this place.
 F = Levels seen in this place.
 G = Mean time per level.
                   A        B        C        D        E       F      G
               +--------+--------+--------+--------+--------+-----+--------+
         Total |   2460 |   2369 |     91 |    144 |   1810 |   4 |  615.0 |
       Dungeon |   2460 |   2369 |     91 |    144 |   1810 |   4 |  615.0 |
               +--------+--------+--------+--------+--------+-----+--------+

Top non-repeatable levels by time:
     D:1: 941 daAuts
     D:3: 656 daAuts
     D:2: 641 daAuts
     D:4: 221 daAuts
